 Dungeon Crawl Stone Soup version 0.13-a0-2496-g11650dd (webtiles) character file.

584 Grabo the Insei (level 6, -7/47 HPs)
             Began as a Draconian Transmuter on July 22, 2013.
             Was an Initiate of Okawaru.
             Mangled by Duvessa
             ... wielding a +1,+2 elven sabre
              (17 damage)
             ... on Level 3 of the Dungeon.
             The game lasted 00:12:31 (4283 turns).

Grabo the Insei (Draconian Transmuter)              Turns: 4283, Time: 00:12:31

HP  -7/47        AC  9     Str 12      XL: 6   Next: 43%
MP   9/9         EV 12     Int 14      God: Okawaru [......]
Gold 210         SH  0     Dex 13      Spells:  2 memorised,  5 levels left

Res.Fire  : . . .   See Invis. : .     - Unarmed
Res.Cold  : . . .   Warding    : .   (armour unavailable)
Life Prot.: . . .   Conserve   : .   (no shield)
Res.Poison: .       Res.Corr.  : .   (helmet restricted)
Res.Elec. : .       Clarity    : .   u - +1 cloak
Sust.Abil.: . .     Spirit.Shd : .   p - +0 pair of elf gauntlets
Res.Mut.  : .       Stasis     : .   (boots unavailable)
Res.Rott. : .       Flight     : .   (no amulet)
Saprovore : . . .                    r - cursed ring of protection from magic
                                     j - ring of protection from magic

@: appendage, very resistant to hostile enchantments, unstealthy
A: unfitting armour, talons 3, AC +6
a: End Transformation, Renounce Religion


You were on level 3 of the Dungeon.
You worshipped Okawaru.
Okawaru was pleased with you.
You were not hungry.
You had grown temporary talons.
You visited 1 branch of the dungeon, and saw 4 of its levels.

You collected 190 gold pieces.

Inventory:

Hand weapons
 a - a +0,+0 sling
Missiles
 k - 4 poisoned sling bullets
 v - 18 arrows
Armour
 p - a +0 pair of elven gauntlets (worn)
 u - a +1 cloak (worn)
Comestibles
 h - an apple
 l - a meat ration
 o - 3 bread rations
Scrolls
 b - 2 scrolls of teleportation
 e - a scroll of remove curse
 f - 3 scrolls of identify
 m - a scroll of recharging
 n - a scroll of noise
Jewellery
 j - a ring of protection from magic (left hand)
 r - a cursed ring of protection from magic (right hand)
 x - an uncursed ring of protection from cold {unknown}
Potions
 g - 2 potions of porridge
 t - a potion of might
Books
 d - a book of Changes

   Spells                             Type                      Level
   *Beastly Appendage                 Transmutation                1
   Sticks to Snakes                   Transmutation                2
   *Spider Form                       Transmutation/Poison         3
   Ice Form                           Ice/Transmutation            4
   Blade Hands                        Transmutation                5


   Skills:
 - Level 1.1 Fighting
 - Level 1.7 Dodging
 * Level 6.0 Unarmed Combat
 - Level 2.0 Spellcasting
 + Level 4.4 Transmutations


You had 5 spell levels left.
You knew the following spells:

 Your Spells              Type           Power        Failure   Level  Hunger
a - Beastly Appendage     Trmt           ##....       4%          1    ##.....
b - Spider Form           Trmt/Pois      #.........   30%         3    ####...


Dungeon Overview and Level Annotations

Branches:
Dungeon (4/27)             Temple (0/1) D:4

Altars:
Okawaru

Annotations
D:3 Duvessa
D:4 Menkaure


Innate Abilities, Weirdness & Mutations

Your plain brown scales are hard (AC +6).*
Your body does not fit into most forms of armour.
Your cold-blooded metabolism reacts poorly to cold.
You have claws for feet.*


Message History

You hit Duvessa but do no damage. Your kick misses Duvessa.
You tail-slap Duvessa, but do no damage.
Duvessa is severely wounded.
Duvessa hits you with an elven sabre.
* * * LOW HITPOINT WARNING * * *
You hit Duvessa but do no damage.
Duvessa is severely wounded.
Duvessa barely misses you.
You hit Duvessa but do no damage.
Your tail-slap misses Duvessa.
Duvessa is severely wounded.
Duvessa hits you with an elven sabre!
* * * LOW HITPOINT WARNING * * *
You hit Duvessa but do no damage.
You tail-slap Duvessa, but do no damage.
Duvessa is severely wounded.
Duvessa barely misses you. Duvessa hits you with an elven sabre.
* * * LOW HITPOINT WARNING * * *
Drink which item? (? for menu, Esc to quit)
You feel better. Duvessa hits you with an elven sabre!
You die...

#.# #.# #.... #.# #.# ##... #.#
#########.#####.#. ###.#
#................. #...#
#.........####...#
#...##########.........####...#
#............))................
#...##########e......(.####...#
##### #@........# #...#
##########.........# #####
#........<.........#####...
#..........................
########################...
#... ♣♣♣# #...
#####♣♣♣♣♣♣♣################...
#)..#♣♣♣♣♣♣))#)....%...........


You could see Duvessa (berserk).

Vanquished Creatures
  Dowan (D:4)
  Crazy Yiuf (D:3)
  A hound (D:3)
  An orc wizard (D:4)
  An iguana (D:4)
  A worker ant (D:4)
  Ijyb (D:2)
  Jessica (D:2)
  3 gnolls (D:2)
  3 adders
  2 worms (D:2)
  6 giant geckos
  3 oozes
  12 orcs
  10 goblins
  6 hobgoblins
  7 jackals
  4 training dummies (D:3)
  4 bats
  4 giant cockroaches
  6 giant newts
  8 kobolds
  11 rats
97 creatures vanquished.

Notes
Turn   | Place    | Note
--------------------------------------------------------------
     0 | D:1      | Grabo, the Draconian Transmuter, began the quest for the Orb.
     0 | D:1      | Reached XP level 1. HP: 16/16 MP: 1/1
   436 | D:1      | Reached XP level 2. HP: 20/23 MP: 3/3
   959 | D:2      | Reached XP level 3. HP: 17/28 MP: 2/4
   977 | D:2      | Noticed Jessica
  1152 | D:2      | Killed Jessica
  1152 | D:2      | Reached skill level 4 in Unarmed Combat
  1458 | D:2      | Reached XP level 4. HP: 23/35 MP: 4/6
  1502 | D:2      | Noticed Ijyb
  1578 | D:2      | Killed Ijyb
  2317 | D:3      | Learned a level 3 spell: Spider Form
  2326 | D:3      | Found an iron altar of Okawaru.
  2342 | D:3      | Became a worshipper of Warmaster Okawaru
  2516 | D:2      | Reached XP level 5. HP: 9/40 MP: 4/7
  2745 | D:3      | Reached skill level 5 in Unarmed Combat
  3255 | D:3      | Noticed Crazy Yiuf
  3273 | D:3      | Killed Crazy Yiuf
  3734 | D:4      | Found a staircase to the Ecumenical Temple.
  3795 | D:4      | Reached XP level 6. HP: 42/47 MP: 9/9
  3818 | D:4      | Noticed Duvessa
  3820 | D:4      | Noticed a phantom
  3825 | D:4      | Noticed Dowan
  4257 | D:4      | Noticed Menkaure
  4269 | D:4      | Killed Dowan
  4269 | D:4      | Reached skill level 6 in Unarmed Combat
  4283 | D:3      | Mangled by Duvessa

Action                   |  1- 3 |  4- 6 || total
-------------------------+-------+-------++-------
Melee: Unarmed           |   157 |   257 ||   414
 Fire: Sling             |       |    32 ||    32
 Cast: Beastly Appendage |     6 |     8 ||    14
       Spider Form       |       |     1 ||     1
  Use: Scroll            |       |    11 ||    11
       Potion            |       |     5 ||     5
